 Dungeon Crawl Stone Soup version 0.29-a0-982-gaed3a0c8d8 (webtiles) character file.

Game seed: 10830087476678197903

7 MisterAzrael the Caller (level 1, 5/10 HPs)
             Began as a Deep Elf Summoner on Aug 2, 2022.
             Was a Follower of Wu Jian.
             Quit the game on level 1 of the Dungeon.
             The game lasted 00:00:41 (431 turns).

MisterAzrael the Caller (Deep Elf Summoner)          Turns: 431, Time: 00:00:41

Health: 5/10       AC:  2    Str:  5    XL:     1   Next: 91%
Magic:  5/6        EV: 12    Int: 19    God:    Wu Jian [*.....]
Gold:   33         SH:  0    Dex: 15    Spells: 5/6 levels left

rFire   . . .      SeeInvis .   (no weapon)
rCold   . . .      Faith    .   (no shield)
rNeg    . . .      Spirit   .   a - +0 robe
rPois   .          Reflect  .   (no helmet)
rElec   .          Harm     .   (no cloak)
rCorr   .          Rampage  .   (no gloves)
Will    .....                   (no boots)
Stlth   ++........              (no amulet)
HPRegen 0.03/turn               (no ring)
MPRegen 0.10/turn               (no ring)

@: no status effects
A: no striking features
a: Renounce Religion


You were on level 1 of the Dungeon.
You worshipped Wu Jian.
Wu Jian was aware of your devotion.
You visited 1 branch of the dungeon, and saw 1 of its levels.

You collected 33 gold pieces.

Inventory:

Armour
 a - a +0 robe (worn)
Potions
 b - a potion of magic


   Skills:
 - Level 2.5 Dodging
 - Level 2.6 Stealth
 + Level 3.3 Spellcasting
 + Level 4.5 Summonings


You had 5 spell levels left.
You knew the following spells:

 Your Spells              Type           Power      Damage    Failure   Level
a - Summon Small Mammal   Summ           80%        N/A       2%          1

Your spell library contained the following spells:

 Spells                   Type           Power      Damage    Failure   Level
 Call Imp                 Summ           20%        N/A       3%          2
 Call Canine Familiar     Summ           20%        N/A       7%          3
 Summon Guardian Golem    Hex/Summ       11%        N/A       17%         3
 Summon Lightning Spire   Summ/Air       11%        N/A       50%         4


Dungeon Overview and Level Annotations

Branches:
Dungeon (1/15)

Altars:
Wu Jian


Message History

HP restored.
You now have 33 gold pieces (gained 6).
You open the door.
A goblin comes into view. It is wielding a +0 club.
Found a faded altar of an unknown god.
There is an open door here.
A goblin is nearby!
You swap places.
The goblin shouts!
There is an open door here.
Your bat barely misses the goblin.
The goblin hits you with a +0 club.
You hit the goblin.
The goblin is heavily wounded.
Your bat closely misses the goblin.
Your bat hits the goblin. The goblin hits you with a +0 club.
You barely miss the goblin.
The goblin is severely wounded.
Your bat closely misses the goblin.
The goblin hits you with a +0 club.
You completely miss the goblin.
The goblin is severely wounded.
Your quokka bites the goblin.
The goblin dies!
You swap places.
There is an open door here.
You swap places.
Things that are here:
a +0 club; a goblin corpse
There is a faded altar of an unknown god here.
You cannot tell which god this altar belongs to.
Convert to them anyway?
Wu Jian accepts your prayer! The Council welcomes you!
You can now perform damaging attacks by moving towards foes.
You can now lightly attack monsters by moving around them.
You swap places.
Things that are here:
a +0 club; a goblin corpse You swap places.
You swap places.
There is an open door here.
Are you sure you want to abandon this character and quit the game? (Confirm with "yes".)

#.# #..# #.##
#.####.####..#
#.#.......#..########
#.#..................
#.#..######.#########
#..#.#_)..#.#
#..#.###'##.# #
#..#...r..#.#
#.###...#.@b..#.#
#.......#######.#
#.##.)..# ### ######


You could see a friendly quokka (summoned) and a friendly bat (summoned).

Vanquished Creatures (collateral kills)
  2 endoplasms (D:1)
  A goblin (D:1)
  A kobold (D:1)
  A quokka (D:1)
  A rat (D:1)
6 creatures vanquished.

Notes
Turn   | Place    | Note
-------+----------+-------------------------------------------
     0 | D:1      | MisterAzrael the Deep Elf Summoner began the quest for the
                  | Orb.
     0 | D:1      | Reached XP level 1. HP: 10/10 MP: 6/6
   410 | D:1      | Found a faded altar of an unknown god.
   423 | D:1      | Prayed at the altar of an unknown god.
   423 | D:1      | Became a worshipper of the Wu Jian Council
   423 | D:1      | Reached * piety under Wu Jian
   431 | D:1      | Quit the game

Illustrated notes

Levels and vault maps discovered:
D:1:      zelgadis_glass_arrival_small, layout_basic, serial_shops, shop,
          shapermc_ecumenical_altar_mp_vishouse

Action                   || total
-------------------------++-------
Melee: Unarmed           ||     4
 Cast: Summon Small Mamm ||    17
Armor: Robe              ||     2
Dodge: Dodged            ||    11

Table legend: (Time is in decaauts)
 A = Elapsed time spent in this place.
 B = Non-inter-level travel time spent in this place.
 C = Inter-level travel time spent in this place.
 D = Time resting spent in this place.
 E = Time spent auto-exploring this place.
 F = Levels seen in this place.
 G = Mean time per level.
                   A        B        C        D        E       F      G
               +--------+--------+--------+--------+--------+-----+--------+
         Total |    431 |    431 |      0 |     28 |    298 |   1 |  431.0 |
       Dungeon |    431 |    431 |      0 |     28 |    298 |   1 |  431.0 |
               +--------+--------+--------+--------+--------+-----+--------+

Top non-repeatable levels by time:
     D:1: 431 daAuts
